Map: World of Sleepers LE

Players

HeRoMaRinE

  • Race: Terran Terran
  • Spawn Location: 1:00

Classic - Winner!

  • Race: Protoss Protoss
  • Spawn Location: 7:00

Event: 2019 WCS Global FInals

VOD

Have the link to the VOD?

Description

Time

  • Played on: Oct. 26, 2019, 5:27 a.m.
  • Length: 17:48

All games in this series

Show
View Real Time Build Order
Export as new Build Order

HeRoMaRinE Terran 

Build Orders:  

Get SALT Encoding   

  12  0:00  SCV  
  13  0:12  SCV  
  14  0:17  Supply Depot  
  14  0:24  SCV  
  15  0:38  SCV  
  15  0:39  Barracks  
  16  0:42  Refinery  
  16  0:50  SCV  
  17  1:03  SCV  
  18  1:15  SCV  
  19  1:26  Marine  
  19  1:27  Orbital Command  
  20  1:46  Command Center  
  20  1:54  Factory  
  20  1:56  SCV  
  21  2:04  Barracks Reactor  
  21  2:08  SCV  
  22  2:10  Supply Depot  
  22  2:20  SCV  
  23  2:28  Barracks  
  23  2:32  SCV  
  26  2:44  Hellion x2, SCV  
  26  2:45  Barracks Tech Lab  
  29  2:56  SCV  
  29  2:58  Orbital Command  
  30  3:05  Marine, Stimpack  
  30  3:08  SCV  
  30  3:09  Refinery  
  32  3:20  SCV  
  32  3:23  Marine, SCV  
  32  3:25  Marine, Starport  
  36  3:31  Marine  
  36  3:34  Widow Mine  
  39  3:35  SCV x2  
  39  3:39  Supply Depot  
  41  3:43  Marine  
  41  3:44  Marine  
  41  3:47  SCV x2  
  45  3:49  Marine  
  46  3:57  Supply Depot  
  46  4:00  SCV x2  
  46  4:01  Widow Mine  
  46  4:02  Medivac  
  52  4:06  Marine, Refinery  
  52  4:07  Marine  
  54  4:18  Marine, SCV x2  
  54  4:20  Supply Depot  
  54  4:22  Factory Tech Lab  
  57  4:26  Engineering Bay  
  57  4:30  SCV x2  
  59  4:31  Barracks  
  59  4:34  Starport Reactor  
  59  4:37  Marine x3  
  62  4:43  Siege Tank  
  62  4:44  SCV  
  66  4:46  SCV  
  67  4:56  Terran Infantry Weapons Level 1, Supply Depot  
  67  4:57  SCV  
  67  4:58  SCV  
  69  5:04  Supply Depot  
  69  5:10  Refinery, SCV  
  70  5:17  Siege Tank, Marine x3, SCV  
  70  5:20  Supply Depot  
  77  5:24  Combat Shield, SCV  
  77  5:25  Starport Reactor  
  77  5:27  Marine  
  77  5:28  Marine  
  80  5:30  SCV  
  80  5:35  Marine x2  
  83  5:37  Marine  
  80  5:53  Supply Depot, Marine, Marauder  
  80  5:55  Marine  
  80  5:57  Widow Mine x2, Marauder  
  90  5:58  Command Center  
  90  6:02  Medivac x2  
  94  6:11  Concussive Shells, Supply Depot  
  94  6:15  Marine x2  
  94  6:16  Supply Depot  
  98  6:18  Marauder  
  98  6:19  Marauder  
  98  6:21  Widow Mine  
  102  6:32  Supply Depot  
  102  6:33  Widow Mine, SCV x2  
  102  6:35  Marine x2  
  108  6:42  Marauder  
  108  6:43  Marauder  
  108  6:44  Barracks  
  108  6:45  Barracks  
  112  6:50  Terran Infantry Armor Level 1  
  112  6:53  Marine x2  
  111  6:58  SCV x2  
  113  7:05  Widow Mine x2, Medivac x2  
  113  7:07  Marauder x2  
  121  7:12  SCV  
  121  7:15  SCV  
  123  7:18  Marine x2  
  125  7:24  SCV  
  125  7:27  SCV  
  125  7:28  Marauder  
  125  7:29  Marauder  
  131  7:31  Barracks Tech Lab, Barracks Reactor  
  131  7:36  Marine, SCV, Orbital Command  
  129  7:39  SCV  
  129  7:42  Marine  
  133  7:44  Widow Mine x2  
  133  7:45  Viking x2  
  133  7:50  SCV, Unknown  
  140  7:51  SCV  
  140  7:56  Marauder  
  140  7:58  Marauder  
  141  8:03  SCV  
  141  8:04  SCV  
  136  8:05  Marine  
  136  8:06  Marine  
  136  8:08  Marauder  
  136  8:10  Marine x2  
  136  8:12  SCV  
  140  8:15  SCV  
  140  8:16  SCV  
  140  8:18  Marauder  
  143  8:22  Engineering Bay  
  143  8:26  Armory  
  142  8:27  SCV x2  
  142  8:28  SCV  
  142  8:30  Supply Depot x2  
  144  8:36  Ghost Academy  
  145  8:42  Marauder x2  
  145  8:43  Marine x4, Marauder  
  154  8:49  Missile Turret  
  154  8:50  Supply Depot  
  154  8:53  Medivac x2  
  158  9:03  Marine x3  
  158  9:04  Marine  
  158  9:05  Enhanced Shockwaves  
  167  9:19  Widow Mine x2, Terran Infantry Armor Level 2, Terran Infantry Weapons Level 2  
  167  9:21  Marine x3  
  174  9:34  Unknown x2  
  174  9:37  Unknown  
  174  9:38  Marine  
  179  9:39  Marine  
  180  9:51  Viking x2  
  180  9:52  Widow Mine x2  
  188  9:57  Command Center  
  178  10:03  Marine  
  178  10:04  Marine  
  178  10:05  Unknown x3  
  178  10:06  Marauder x2  
  159  10:13  Marauder  
  140  10:15  Marine, SCV x2  
  140  10:16  Marine  
  140  10:18  Orbital Command  
  123  10:21  Marine x2  
  123  10:27  Marine, SCV x2, Marauder  
  116  10:33  Marine x2  
  116  10:34  Marine  
  104  10:39  Marine x2, SCV x2  
  106  10:44  Marine  
  106  10:49  SCV  
  110  10:51  SCV  
  110  10:52  SCV  
  110  10:53  Marine  
  115  11:01  SCV  
  115  11:04  SCV x2  
  124  11:13  SCV  
  124  11:14  Starport  
  124  11:16  SCV x2, Unknown  
  129  11:19  Marine, Marauder  
  129  11:20  Unknown  
  131  11:25  SCV  
  131  11:28  SCV x2  
  131  11:30  Marine x3  
  138  11:35  Viking x2  
  138  11:37  Marine  
  138  11:38  SCV, Unknown  
  138  11:39  Planetary Fortress, Marine  
  137  11:40  SCV x2  
  137  11:46  Marine  
  137  11:47  Unknown  
  141  11:49  Refinery  
  141  11:50  SCV  
  141  11:51  Viking x2  
  141  11:52  SCV x2  
  147  11:54  Refinery  
  147  11:58  Unknown  
  146  12:02  SCV  
  146  12:04  SCV  
  146  12:05  Viking x2  
  154  12:10  Terran Infantry Weapons Level 3  
  154  12:11  SCV  
  154  12:14  SCV, Marauder  
  156  12:16  SCV  
  156  12:18  Marauder  
  156  12:21  Viking, Marauder  
  163  12:28  Marine x2  
  146  12:30  Viking  
  146  12:34  Marine x2  
  146  12:35  Viking, Marauder  
  108  12:39  Marauder  
Show
View Real Time Build Order
Export as new Build Order

Classic Protoss - Winner!

Build Orders: 1 Gate Expand, Phoenix Opening, Blink Stalkers 

Get SALT Encoding   

  12  0:00  Probe  
  13  0:12  Probe  
  14  0:17  Pylon  
  14  0:24  Probe (Chrono Boost)  
  15  0:36  Gateway  
  15  0:37  Probe (Chrono Boost)  
  16  0:44  Probe (Chrono Boost)  
  16  0:45  Assimilator  
  17  0:51  Probe  
  18  1:03  Probe  
  19  1:15  Probe  
  20  1:22  Nexus  
  20  1:33  Cybernetics Core  
  20  1:36  Probe  
  21  1:41  Assimilator  
  21  1:49  Probe  
  21  1:51  Pylon  
  22  2:01  Probe  
  23  2:07  Adept (Chrono Boost)  
  23  2:09  Warp Gate  
  23  2:13  Probe  
  26  2:25  Probe (Chrono Boost)  
  29  2:30  Sentry  
  29  2:34  Twilight Council  
  29  2:35  Probe (Chrono Boost)  
  31  2:37  Probe (Chrono Boost)  
  32  2:44  Probe (Chrono Boost)  
  32  2:45  Probe (Chrono Boost)  
  32  2:49  Probe (Chrono Boost)  
  34  2:51  Probe  
  34  2:55  Stalker  
  37  3:01  Probe  
  37  3:03  Probe  
  37  3:05  Gateway  
  39  3:08  Blink (Chrono Boost)  
  39  3:13  Probe  
  39  3:15  Probe  
  41  3:20  Pylon  
  41  3:26  Gateway  
  41  3:28  Probe x2  
  41  3:31  Stalker  
  45  3:36  Robotics Facility  
  46  3:41  Pylon, Probe x2  
  46  3:48  Assimilator, Phoenix  
  47  3:52  Shield Battery  
  47  3:53  Probe x2  
  49  4:00  Stalker  
  51  4:05  Probe  
  51  4:06  Pylon, Probe  
  53  4:10  Stalker  
  53  4:13  Shield Battery  
  55  4:23  Stalker  
  57  4:24  Observer  
  57  4:29  Nexus  
  58  4:32  Pylon  
  58  4:33  Stalker  
  60  4:39  Probe x2  
  60  4:40  Forge  
  62  4:52  Stalker  
  64  4:54  Observer  
  64  4:55  Probe x2  
  64  4:57  Protoss Ground Armor Level 1 (Chrono Boost)  
  67  5:04  Charge  
  67  5:06  Gateway  
  67  5:09  Gateway  
  67  5:15  Gateway x2  
  67  5:17  Probe x2  
  69  5:27  Gateway  
  69  5:28  Gateway  
  69  5:31  Stalker  
  71  5:47  Probe x3  
  71  5:49  Sentry  
  76  5:53  Immortal (Chrono Boost)  
  80  6:00  Probe  
  80  6:01  Probe x2  
  80  6:03  Pylon  
  83  6:10  Sentry  
  85  6:13  Probe x3  
  85  6:17  Pylon  
  85  6:18  Observer  
  88  6:25  Immortal, Sentry  
  92  6:27  Pylon  
  94  6:33  Zealot x3  
  100  6:40  Zealot x4  
  100  6:43  Protoss Ground Armor Level 2 (Chrono Boost), Pylon  
  108  6:47  Observer  
  108  6:55  Zealot  
  108  6:56  Zealot x3  
  114  7:01  Stalker  
  114  7:03  Warp Prism (Chrono Boost), Probe x3  
  120  7:15  Probe x3  
  121  7:16  Assimilator, Pylon  
  121  7:18  Pylon  
  121  7:20  Assimilator  
  123  7:22  Assimilator  
  123  7:26  Templar Archives  
  123  7:27  Probe x2  
  125  7:34  Probe  
  124  7:45  Pylon  
  124  7:46  Probe x3  
  124  7:50  Warp Prism  
  124  7:51  Forge  
  127  8:05  Zealot x8  
  142  8:16  Psionic Storm  
  142  8:18  Photon Cannon  
  142  8:20  Observer  
  142  8:22  Observer  
  142  8:27  Stalker x2  
  142  8:29  Warp Prism (Chrono Boost)  
  142  8:32  Pylon  
  142  8:33  High Templar  
  148  8:34  Protoss Ground Weapons Level 1 (Chrono Boost)  
  148  8:38  Pylon  
  148  8:40  Pylon x2  
  148  8:52  Zealot  
  148  8:53  Zealot x2  
  148  8:54  Robotics Bay, High Templar  
  156  8:56  High Templar x2  
  156  9:00  Robotics Facility  
  160  9:06  Pylon  
  160  9:08  Pylon  
  158  9:26  Observer  
  158  9:28  High Templar x2  
  158  9:29  Zealot x6  
  168  9:32  Nexus  
  168  9:35  Protoss Ground Armor Level 3 (Chrono Boost)  
  168  9:36  Pylon  
  167  9:45  Extended Thermal Lance  
  163  10:02  Zealot x7  
  163  10:03  Zealot  
  152  10:13  Colossus x2 (Chrono Boost)  
  134  10:24  Zealot x6  
  134  10:33  Protoss Ground Weapons Level 2 (Chrono Boost)  
  124  10:43  Probe x3  
  124  10:46  Probe  
  124  10:48  High Templar  
  124  10:49  Unknown, High Templar  
  128  10:50  High Templar x2  
  132  10:57  Warp Prism (Chrono Boost)  
  132  10:58  Probe  
  132  10:59  Colossus (Chrono Boost), Probe x3  
  144  11:08  Sentry  
  144  11:11  Probe  
  147  11:13  Photon Cannon  
  146  11:26  Observer  
  146  11:27  Stalker x5  
  146  11:28  Zealot x2  
  146  11:32  Zealot  
  163  11:37  Gateway  
  163  11:39  Gateway  
  163  11:45  Observer  
  164  11:51  Stalker x2  
  164  11:52  Stalker x4  
  172  11:59  Stalker x2  
  174  12:11  Protoss Shields Level 1  
  174  12:14  High Templar  
  174  12:15  Stalker, High Templar  
  178  12:16  Stalker x3  
  178  12:18  Archon  
  178  12:20  Pylon  
  186  12:26  Archon x2  
  168  12:36  Colossus, Warp Prism  
Tags
 
Add a new tag
Caveats
  • Supply blocks, unpowered buildings, or Contaminate may cause inaccurate times.
  • Supply counts are checked every 10 seconds.